 Dungeon Crawl Stone Soup version 0.19.3-4-gbf9329e (webtiles) character file.

382 galech the Cudgeler (level 6, -6/66 HPs)
             Began as an Ogre Fighter on Jan 30, 2017.
             Was an Initiate of Makhleb.
             Killed from afar by a white imp (16 damage)
             ... with a puff of frost
             ... summoned by Natasha
             ... on level 4 of the Dungeon.
             The game lasted 00:06:51 (3158 turns).

galech the Cudgeler (Ogre Fighter)                  Turns: 3158, Time: 00:06:52

Health: -6/66      AC:  3    Str: 24    XL:     6   Next: 76%
Magic:  6/6        EV: 12    Int:  7    God:    Makhleb [......]
Gold:   163        SH: 10    Dex:  9    Spells: 0 memorised, 5 levels left

rFire  + . .     SeeInvis .     a - +0 flail
rCold  x . .     Gourm    .     b - +0 robe
rNeg   . . .     Faith    .     c - +1 shield
rPois  .         Spirit   .     (helmet restricted)
rElec  .         Reflect  .     (no cloak)
rCorr  .         Harm     .     (gloves unavailable)
MR     .....                    (boots unavailable)
Stlth  +.........               (no amulet)
                                C - ring of fire
                                p - +3 ring of evasion

@: no status effects
A: unfitting armour, tough skin 1
a: Renounce Religion


You were on level 4 of the Dungeon.
You worshipped Makhleb.
Makhleb was noncommittal.
You were hungry.

You visited 2 branches of the dungeon, and saw 5 of its levels.

You collected 163 gold pieces.

Inventory:

Hand Weapons
 a - a +0 flail (weapon)
Armour
 b - a +0 robe (worn)
 c - a +1 shield (worn)
Jewellery
 p - a +3 ring of evasion (left hand)
 B - an uncursed ring of ice
 C - a ring of fire (right hand)
Wands
 D - a wand of lightning (1/15)
Scrolls
 g - 3 scrolls of remove curse
 i - a scroll of enchant armour
 j - a scroll of random uselessness {unknown}
 l - 2 scrolls of fog {unknown}
 m - 2 scrolls of blinking {unknown}
 r - 2 scrolls of teleportation {unknown}
 s - a scroll of amnesia {unknown}
 t - 2 scrolls of identify {unknown}
 u - a scroll of immolation {unknown}
 y - a scroll of enchant weapon {unknown}
 E - a scroll of magic mapping {unknown}
Potions
 d - a potion of might
 e - 2 potions of flight {unknown}
 h - 2 potions of curing
 n - a potion of agility {unknown}
 q - a potion of lignification {unknown}
 w - a potion of mutation {unknown}
 x - 2 potions of haste {unknown}
 z - a potion of brilliance {unknown}
 A - a potion of degeneration {unknown}
Comestibles
 f - 8 bread rations
 k - a slice of pizza
 o - a meat ration


   Skills:
 + Level 5.3 Fighting
 + Level 5.4 Maces & Flails
 + Level 3.8 Dodging
 + Level 0.5 Stealth
 + Level 4.2 Shields


You had 5 spell levels left.
You didn't know any spells.

Dungeon Overview and Level Annotations

Branches:
Dungeon (4/15)             Temple (1/1) D:4

Altars:
Cheibriados
Elyvilon
Makhleb
Qazlal
Uskayaw

Annotations:
D:4 Natasha


Innate Abilities, Weirdness & Mutations

You are too large for most types of armour.
You have tough skin. (AC +1)


Message History

You are too injured to fight recklessly!
You are too injured to fight recklessly!
You closely miss Natasha. Natasha claws you.
* * * LOW HITPOINT WARNING * * *
You block the white imp's attack.
You closely miss Natasha. Natasha barely misses you.
The white imp closely misses you.
You hit Natasha but do no damage.
Natasha mewls in sadness.
Natasha claws you.
* * * LOW HITPOINT WARNING * * *
The white imp barely misses you. You block Natasha's attack.
The white imp misses you.
You barely miss Natasha. Natasha barely misses you.
The white imp hits you but does no damage.
You barely miss Natasha. Natasha claws you.
* * * LOW HITPOINT WARNING * * *
The white imp gestures at you. The puff of frost hits you!
You feel a terrible chill!
You die...

........5..##..#..
...........###.#hM.
....)......# #......
#........### ###.#####
#......[.#######.#....
+................. ...
#............###. #'###
###..........### #...# ####
#........h@'.### #.⌠.# #...
+........5.#...###...###...
#######....#...............
#....#....⌠..>..⌠...#
#....##..............
#....##..###...###...
#....##..# #.⌠.# #...
#...###..# #...# #..# #...#
#### ##'###...#


You could see Natasha and a white imp.

Vanquished Creatures
  Menkaure (D:4)
  A bullfrog skeleton (D:4)
  Natasha (D:4)
  2 worker ants (D:4)
  5 adders
  3 oozes
  2 worms (D:3)
  4 dart slugs (D:2)
  2 leopard geckos
  10 orcs
  A ball python (D:3)
  4 giant cockroaches
  6 goblins
  7 hobgoblins
  5 jackals
  9 kobolds
  3 bats (D:2)
  4 frilled lizards
  3 rats
73 creatures vanquished.

Notes
Turn   | Place    | Note
-------+----------+-------------------------------------------
     0 | D:1      | galech the Ogre Fighter began the quest for the Orb.
     0 | D:1      | Reached XP level 1. HP: 24/24 MP: 1/1
   146 | D:1      | Reached XP level 2. HP: 22/32 MP: 2/2
   777 | D:2      | Reached XP level 3. HP: 37/39 MP: 3/3
  1160 | D:2      | Found a snail-covered altar of Cheibriados.
  1387 | D:2      | Found a stormy altar of Qazlal.
  1388 | D:2      | Found a white marble altar of Elyvilon.
  1457 | D:2      | Reached XP level 4. HP: 16/49 MP: 4/4
  2144 | D:3      | Reached XP level 5. HP: 53/55 MP: 5/5
  2718 | D:4      | Found a staircase to the Ecumenical Temple.
  2738 | D:4      | Reached XP level 6. HP: 27/65 MP: 6/6
  2745 | Temple   | Entered the Ecumenical Temple
  2966 | Temple   | Became a worshipper of Makhleb the Destroyer
  3019 | D:4      | Noticed Natasha
  3019 | D:4      | Noticed Menkaure
  3048 | D:4      | Killed Natasha
  3048 | D:4      | Reached skill level 5 in Fighting
  3056 | D:4      | Killed Menkaure
  3056 | D:4      | Reached skill level 5 in Maces & Flails
  3148 | D:4      | Noticed Natasha
  3158 | D:4      | Killed from afar by a white imp

Skill      XL: |  1  2  3  4  5  6 |
---------------+-------------------+-----
Shields        | 3 4 |  4.2
Dodging        | 3 |  3.8
Maces & Flails | 3 4 5 |  5.4
Fighting       | 5 |  5.3
Stealth        | |  0.5

Action                   |  1- 3 |  4- 6 || total
-------------------------+-------+-------++-------
Melee: Flail             |   117 |   172 ||   289
  Use: Scroll            |     2 |       ||     2
       Potion            |     3 |       ||     3
  Eat: Chunk             |     2 |     5 ||     7
Armor: Robe              |    35 |    47 ||    82
Dodge: Dodged            |    52 |    92 ||   144
Block: Shield            |    83 |   112 ||   195
